cohdb
Replays
Latest Replays
All Replays
Popular Replays
Top Player Replays
Match Explorer
How It Works
Community
CoH3 Stats
Reddit
Sign in to upload your games and track your stats! →
Sign in with Steam
Match 39863829
Unlisted
Match 39863829
Overview
Messages
Build Orders
End
Kradschützen Motorcycle Team
Panzergrenadier Squad
Selects Italian Infantry
250 Light Carrier
Construct Light Support Kompanie
Assault Grenadier Squad
MG34 Team
Fire Support Elements
Combat Half-tracks
Selects Guastatori Squad
Flakvierling Half-track
le.IG 18 Mechanized Group
Selects Guastatori Squad
Selects Defensive Operations
Selects Registered Artillery
MG34 Team
Pak 38 Anti-tank Gun Team
Construct Mechanized Kompanie
Marder III Tank Destroyer
StuG III D Assault Gun
2.5-tonne Medical Truck
Panzerpioneer Squad
MG34 Team
LanceCriminal619
Nashorn101
WayTooTicklish
ixo4567
0
0
Comments
sign in to comment!
No comments posted yet!